Map: Echo LE (Void)

Players

Jarhead - Winner!

  • Race: Terran Terran
  • League: Platinum
  • Spawn Location: 5:00

Fropez

  • Race: Protoss Protoss
  • League: Gold
  • Spawn Location: 11:00

VOD

Have the link to the VOD?

Description

Time

  • Played on: Dec. 25, 2016, 10:27 p.m.
  • Length: 13:17
Show
View Real Time Build Order
Export as new Build Order

Jarhead Terran - Winner!

Build Orders: MMM Bio 

Get SALT Encoding   

  12  0:02  SCV  
  13  0:14  SCV  
  13  0:19  Supply Depot  
  14  0:26  SCV  
  15  0:40  SCV  
  15  0:42  Barracks  
  16  0:48  Refinery  
  16  0:52  SCV  
  17  1:05  SCV  
  18  1:29  Marine, Orbital Command  
  18  1:44  Barracks x2  
  18  1:48  Barracks Tech Lab  
  18  1:56  SCV  
  18  1:59  Supply Depot  
  19  2:09  SCV  
  19  2:12  Stimpack  
  20  2:18  Marine  
  20  2:21  SCV  
  22  2:32  Marine x2  
  22  2:33  SCV  
  25  2:40  Marine, Supply Depot  
  26  2:50  Marine x2  
  28  2:57  Command Center  
  28  2:59  Marine  
  28  3:02  SCV  
  30  3:09  Marine, Supply Depot  
  30  3:10  Marine  
  32  3:22  Marine  
  32  3:23  SCV  
  32  3:27  Marine  
  34  3:32  Marine  
  36  3:44  Marine x2  
  36  3:45  Supply Depot  
  38  3:52  SCV  
  38  3:54  Command Center  
  39  4:02  Refinery  
  39  4:13  Orbital Command  
  39  4:28  Barracks Reactor  
  39  4:36  Marine x2  
  41  4:40  SCV x2  
  43  4:52  SCV x2  
  45  4:54  Barracks Reactor  
  45  4:59  Marine, Factory  
  46  5:04  SCV x2  
  46  5:05  Marine x2  
  50  5:08  SCV  
  50  5:11  Refinery  
  51  5:16  SCV  
  51  5:20  Orbital Command  
  52  5:22  Combat Shields  
  52  5:23  Marine x3  
  52  5:24  SCV  
  57  5:28  SCV  
  57  5:40  Marine x2, Engineering Bay x2  
  57  5:41  Marine  
  60  5:44  Factory Reactor, Starport  
  60  5:48  SCV  
  61  5:51  Marine x2  
  61  5:55  SCV  
  61  5:56  SCV  
  65  5:58  Marine  
  66  6:09  Marine, Terran Infantry Weapons Level 1, Terran Infantry Armor Level 1  
  66  6:10  Marine x3  
  70  6:11  Missile Turret  
  70  6:15  Marine  
  71  6:25  SCV x2  
  73  6:26  Supply Depot  
  73  6:27  Marine x2  
  73  6:28  Marine x2  
  73  6:29  Medivac  
  79  6:38  Refinery  
  79  6:40  Missile Turret  
  79  6:43  Medivac  
  79  6:44  Marine  
  79  6:45  Marine x2  
  84  6:49  SCV x2  
  84  6:50  SCV  
  87  6:55  Supply Depot  
  87  6:56  Supply Depot  
  87  6:57  Supply Depot  
  87  6:59  Factory Reactor, Medivac  
  87  7:00  Marine  
  90  7:03  Orbital Command  
  90  7:07  Marine x2  
  90  7:08  Marine  
  93  7:16  Marine  
  93  7:18  SCV x2  
  93  7:19  Armory  
  96  7:25  Missile Turret  
  96  7:27  Marine x4  
  100  7:30  SCV x2  
  100  7:34  Marine  
  100  7:35  SCV  
  104  7:38  Medivac  
  104  7:41  Medivac  
  104  7:42  SCV x2  
  110  7:45  Marine x2  
  110  7:48  Marine x2  
  114  7:51  Starport  
  114  7:52  Marine  
  115  7:58  Factory Reactor  
  115  8:02  Marine  
  115  8:03  Marine  
  117  8:08  Marine x2  
  117  8:09  Marine  
  120  8:15  Medivac x2  
  124  8:20  Marine  
  124  8:21  Terran Ship Weapons Level 1  
  125  8:30  Refinery  
  125  8:32  Refinery  
  123  8:51  Marine  
  123  8:52  Marine x4  
  123  8:53  Viking x2  
  132  9:09  Marine  
  133  9:26  Marine x4, Viking x2, Terran Infantry Armor Level 2, Terran Infantry Weapons Level 2  
  133  9:27  Marine  
  142  9:31  Supply Depot  
  142  9:33  Supply Depot  
  142  9:34  Supply Depot  
  142  9:42  Medivac x2  
  142  9:44  Marine x4  
  142  9:45  Marine  
  151  9:48  SCV x3  
  140  10:23  Marine x2  
  140  10:24  Marine x3  
  140  10:25  Viking  
  140  10:26  Viking x2  
  151  10:41  Marine x3  
  151  10:42  Marine x2  
  156  10:45  Viking  
  158  10:55  Viking  
  158  10:56  Concussive Shells  
  160  10:59  Marine x2  
  162  11:08  SCV x2  
  162  11:09  SCV  
  165  11:12  Missile Turret  
  165  11:16  Viking  
  165  11:17  Marine x4, Viking x2  
  175  11:33  Missile Turret  
  175  11:47  Marine x5  
  180  12:04  Marine  
  181  12:11  Marine, Viking x4, Supply Depot  
  190  12:41  Viking  
Show
View Real Time Build Order
Export as new Build Order

Fropez Protoss 

Build Orders: 1 Gate Expand 

Get SALT Encoding   

  12  0:00  Probe (Chrono Boost)  
  13  0:11  Probe (Chrono Boost)  
  14  0:20  Pylon  
  14  0:34  Probe (Chrono Boost)  
  15  0:41  Gateway  
  15  0:45  Probe (Chrono Boost)  
  16  0:55  Probe (Chrono Boost)  
  17  1:13  Nexus  
  17  1:25  Assimilator  
  17  1:26  Probe (Chrono Boost)  
  18  1:36  Probe (Chrono Boost)  
  18  1:38  Pylon  
  19  1:47  Probe (Chrono Boost)  
  20  1:58  Probe (Chrono Boost)  
  20  1:59  Cybernetics Core  
  21  2:07  Pylon  
  21  2:08  Probe (Chrono Boost)  
  21  2:17  Gateway  
  21  2:19  Assimilator  
  22  2:23  Probe (Chrono Boost)  
  22  2:26  Probe (Chrono Boost)  
  23  2:35  Stalker  
  25  2:41  Probe x2 (Chrono Boost)  
  27  2:46  Warp Gate  
  27  2:52  Mothership Core (Chrono Boost)  
  29  3:01  Probe (Chrono Boost)  
  30  3:06  Stalker  
  30  3:09  Assimilator  
  30  3:11  Probe (Chrono Boost)  
  30  3:12  Probe (Chrono Boost)  
  34  3:21  Probe (Chrono Boost)  
  34  3:23  Pylon  
  34  3:24  Probe (Chrono Boost)  
  36  3:32  Probe (Chrono Boost)  
  37  3:36  Probe (Chrono Boost)  
  37  3:38  Stalker  
  37  3:39  Stalker  
  42  3:42  Probe (Chrono Boost)  
  44  3:48  Probe (Chrono Boost)  
  44  3:53  Probe (Chrono Boost)  
  45  3:58  Twilight Council  
  45  4:01  Probe (Chrono Boost)  
  46  4:05  Probe (Chrono Boost)  
  47  4:13  Probe (Chrono Boost)  
  47  4:16  Probe (Chrono Boost)  
  49  4:26  Resonating Glaives  
  49  4:35  Pylon  
  49  4:37  Pylon  
  47  4:50  Adept x2  
  47  4:52  Gateway  
  51  4:55  Probe (Chrono Boost), Gateway  
  51  4:56  Probe (Chrono Boost)  
  53  5:03  Assimilator  
  53  5:05  Probe (Chrono Boost)  
  55  5:08  Probe (Chrono Boost)  
  55  5:13  Adept x2  
  59  5:16  Probe (Chrono Boost)  
  59  5:20  Probe (Chrono Boost)  
  61  5:25  Robotics Facility  
  61  5:26  Probe (Chrono Boost)  
  62  5:32  Probe (Chrono Boost)  
  62  5:34  Sentry x2  
  67  5:40  Probe (Chrono Boost)  
  68  5:47  Probe (Chrono Boost)  
  69  5:50  Probe (Chrono Boost)  
  70  6:06  Nexus  
  70  6:07  Pylon  
  70  6:15  Pylon  
  70  6:24  Pylon  
  71  6:27  Probe (Chrono Boost)  
  71  6:28  Adept x3  
  77  6:41  Probe (Chrono Boost)  
  77  6:42  Blink  
  77  6:43  Probe (Chrono Boost)  
  79  6:48  Warp Prism  
  79  6:53  Gateway  
  83  6:54  Probe (Chrono Boost)  
  83  6:55  Probe (Chrono Boost)  
  83  6:56  Gateway  
  83  6:57  Adept x2  
  83  6:58  Adept x2, Gateway  
  91  7:05  Probe (Chrono Boost)  
  91  7:07  Probe (Chrono Boost)  
  93  7:20  Adept  
  93  7:21  Adept x3  
  101  7:24  Observer  
  101  7:26  Probe (Chrono Boost)  
  101  7:27  Probe (Chrono Boost)  
  101  7:28  Probe (Chrono Boost)  
  105  7:30  Robotics Bay, Pylon  
  105  7:38  Probe (Chrono Boost)  
  106  7:51  Forge  
  106  7:52  Forge  
  106  7:54  Immortal  
  110  8:02  Adept x3  
  116  8:11  Protoss Ground Weapons Level 1  
  116  8:15  Pylon  
  116  8:19  Pylon x2  
  116  8:21  Protoss Ground Armor Level 1  
  116  8:32  Probe (Chrono Boost)  
  116  8:34  Adept x3  
  120  8:35  Probe (Chrono Boost)  
  124  8:42  Colossus  
  124  8:54  Stalker x3  
  124  8:55  Stalker x2  
  140  8:59  Probe (Chrono Boost)  
  140  9:01  Assimilator  
  141  9:03  Assimilator  
  141  9:05  Pylon  
  141  9:18  Nexus  
  141  9:23  Probe (Chrono Boost)  
  143  9:25  Adept x3, Probe (Chrono Boost)  
  149  9:37  Extended Thermal Lance  
  149  9:46  Pylon  
  149  9:48  Pylon  
  149  9:51  Pylon  
  149  10:01  Pylon  
  149  10:03  Colossus  
  149  10:04  Probe x2 (Chrono Boost)  
  117  10:18  Adept x2  
  117  10:19  Adept x4  
  126  10:40  Stalker  
  126  10:41  Stalker  
  126  10:42  Stalker x2  
  134  10:57  Nexus  
  134  10:59  Pylon  
  134  11:00  Pylon  
  134  11:01  Assimilator x2  
  134  11:02  Pylon  
  134  11:03  Pylon x2  
  134  11:11  Colossus  
  134  11:13  Pylon  
  134  11:14  Pylon  
  140  11:36  Nexus  
  138  11:49  Adept x3  
  138  11:50  Adept x4  
  151  11:58  Colossus  
  145  12:14  Sentry x2  
  149  12:21  Pylon  
  149  12:22  Pylon  
  149  12:50  Stalker x6  
Tags
 
Composition
MMM Bio
Matchup
PvT
Replay Pack
All Mines
Spawn Locations
Cross Positions
Add a new tag
Caveats
  • Supply blocks, unpowered buildings, or Contaminate may cause inaccurate times.
  • Supply counts are checked every 10 seconds.